 Dungeon Crawl Stone Soup version 0.18.1-1-g2f07953 (webtiles) character file.

139 Hipnos the Ducker (level 5, -1/28 HPs)
             Began as a Spriggan Wanderer on May 8, 2016.
             Killed by divine providence
             ... invoked by an orc priest
              (11 damage)
             ... on level 3 of the Dungeon.
             The game lasted 00:07:18 (2464 turns).

Hipnos the Ducker (Spriggan Wanderer)               Turns: 2464, Time: 00:07:19

Health: -1/28      AC:  2    Str: 11    XL:     5   Next: 1%
Magic:  8/8        EV: 21    Int: 12    God:
Gold:   65         SH:  0    Dex: 15    Spells: 0 memorised, 4 levels left

rFire  . . .     SeeInvis +     j - +0 dagger (venom)
rCold  . . .     Gourm    .     d - +0 robe
rNeg   . . .     Faith    .     (shield restricted)
rPois  .         Spirit   .     (helmet restricted)
rElec  .         Dismiss  .     (no cloak)
rCorr  .         Reflect  .     (gloves unavailable)
SustAt .         Harm     .     (boots unavailable)
MR     .....                    (no amulet)
Stlth  +++.......               (no ring)
                                (no ring)

@: very quick, not resistant to hostile enchantments, fairly stealthy
A: unfitting armour, see invisible, herbivore 3, speed 3, slow metabolism 2
a: no special abilities


You were on level 3 of the Dungeon.
You were not hungry.

You visited 1 branch of the dungeon, and saw 3 of its levels.

You collected 65 gold pieces.

Inventory:

Hand Weapons
 g - a +0 whip
 j - a +0 dagger of venom (weapon)
Armour
 d - a +0 robe (worn)
Jewellery
 e - an uncursed amulet of dismissal {unknown}
 n - a +2 ring of protection {unknown}
 q - an uncursed amulet of faith {unknown}
Wands
 a - a wand of confusion (8/48)
Scrolls
 c - a scroll of fog {unknown}
 k - 4 scrolls of identify {unknown}
 m - a scroll of recharging {unknown}
 p - a scroll of blinking {unknown}
 r - a scroll of magic mapping {unknown}
Potions
 b - a potion of lignification
 h - a potion of resistance {unknown}
 i - a potion of brilliance {unknown}
 l - a potion of invisibility {unknown}
 o - 3 potions of heal wounds {unknown}
Comestibles
 f - 2 bread rations


   Skills:
 + Level 2.9 Fighting
 + Level 1.1 Short Blades
 - Level 0.4 Maces & Flails
 + Level 6.5 Dodging
 + Level 3.9 Stealth
 * Level 2.9 Evocations


You had 4 spell levels left.
You didn't know any spells.

Dungeon Overview and Level Annotations

Branches:
Dungeon (3/15)

Altars:
Ashenzari


Innate Abilities, Weirdness & Mutations

You are tiny and cannot use many weapons and most armour.
You have supernaturally acute eyesight.
You are a herbivore.
You cover ground extremely quickly.
You need consume almost no food.


Message History

The adder is moderately wounded.
The adder misses you. The adder barely misses you.
You kill the adder!
You have reached level 5!
You feel agile.
There are monsters nearby!
There are monsters nearby!
There are monsters nearby!
There are monsters nearby!
You hit the orc.
You kill the orc!
The orc priest invokes the aid of Beogh against you.
Beogh smites you! The giant newt completely misses you.
You hit the giant newt.
The giant newt is poisoned.
The giant newt is heavily wounded.
You kill the giant newt!
The orc priest mumbles some strange prayers to Beogh against you.
Beogh smites you!
You die...

....................##.....##.#
..............####..#..#.#....###
8###8###8#....##....#...........#
### ###.........#...#........#
#.......###...o.........%.
#.......# #.)o.o#.##......
######..###l###.....w.#...
#..#.†.# ###..##..... ####@###
###...%...# ##.######....####..
#.......#.....##..#
###..................
#####....................
#........................
#.......†################
#........#8###8###⌠###8##
#........................


You could see an orc priest, an orc and a giant newt.

Vanquished Creatures
  A hound (D:3)
  5 adders
  11 orcs
  A ball python (D:2)
  5 giant cockroaches
  4 goblins
  6 hobgoblins
  2 jackals (D:2)
  A kobold (D:1)
  A quokka (D:2)
  9 bats
  3 giant newts
  A rat (D:2)
50 creatures vanquished.

Notes
Turn   | Place    | Note
--------------------------------------------------------------
     0 | D:1      | Hipnos the Spriggan Wanderer began the quest for the Orb.
     0 | D:1      | Hipnos set off with: a wand of confusion (15/48), a potion of lignification, a +0 short sword, a +0 robe, a +0 dagger, a bread ration
     0 | D:1      | Reached XP level 1. HP: 11/11 MP: 3/3
   361 | D:1      | Reached XP level 2. HP: 4/16 MP: 4/4
  1193 | D:2      | Reached XP level 3. HP: 15/19 MP: 5/5
  1210 | D:2      | Reached skill level 5 in Dodging
  1768 | D:3      | Reached XP level 4. HP: 17/23 MP: 6/6
  1781 | D:3      | Found a faded altar to an unknown god.
  1830 | D:3      | Found a shattered altar of Ashenzari.
  2006 | D:3      | Reached skill level 6 in Dodging
  2457 | D:3      | Reached XP level 5. HP: 19/28 MP: 8/8
  2464 | D:3      | Killed from afar by an orc priest

Skill      XL: |  1  2  3  4 |
---------------+-------------+-----
Evocations     | 2 |  2.9
Dodging        | 5 6 |  6.5
Fighting       | |  2.9
Short Blades   | |  1.1
Maces & Flails | |  0.4
Stealth        | |  3.9

Action                   |  1- 3 |  4- 6 || total
-------------------------+-------+-------++-------
Melee: Whip              |    29 |       ||    29
       Dagger            |    85 |    65 ||   150
Evoke: Wand              |       |     7 ||     7
 Stab: Sleeping          |     4 |       ||     4
Armor: Robe              |     9 |     9 ||    18
Dodge: Dodged            |   108 |    67 ||   175
